 Dungeon Crawl Stone Soup version 0.29-a0-334-gb41bcbb86e (webtiles) character file.

Game seed: 18210253698992100469

29 BritishOli the Skirmisher (level 3, 29/29 HPs)
             Began as a Demonspawn Monk on Apr 14, 2022.
             Got out of the dungeon alive.
             The game lasted 00:01:22 (1211 turns).

BritishOli the Skirmisher (Demonspawn Monk)         Turns: 1211, Time: 00:01:22

Health: 29/29      AC: 10    Str: 13    XL:     3   Next: 1%
Magic:  3/3        EV:  3    Int: 11    God:
Gold:   66         SH:  4    Dex: 15    Spells: 2/2 levels left

rFire   . . .      SeeInvis .   a - +0 falchion
rCold   . . .      Faith    .   (no shield)
rNeg    . . .      Spirit   .   i - +0 plate armour
rPois   .          Reflect  .   (no helmet)
rElec   .          Harm     .   (no cloak)
rCorr   .          Rampage  .   (no gloves)
Will    .....                   (no boots)
Stlth   ..........              (no amulet)
HPRegen 0.09/turn               (no ring)
MPRegen 0.08/turn               (no ring)

@: no status effects
A: condensation shield, demonic magic 1
a: no special abilities


You escaped.
You visited 1 branch of the dungeon, and saw 2 of its levels.

You collected 66 gold pieces.

Inventory:

Hand Weapons
 a - a +0 falchion (weapon)
Armour
 i - a +0 plate armour (worn)
Scrolls
 b - a scroll of amnesia {unknown}
 e - a scroll of silence {unknown}
 j - a scroll of magic mapping {unknown}
 k - a scroll of immolation {unknown}
Potions
 c - a potion of ambrosia
 d - 2 potions of curing {unknown}
 f - a potion of flight {unknown}
 g - a potion of might {unknown}
 h - a potion of berserk rage {unknown}


   Skills:
 + Level 3.3 Fighting
 + Level 3.0 Long Blades
 + Level 0.4 Armour
 + Level 3.0 Dodging
 - Level 2.1 Stealth


You had 2 spell levels left.
You didn't know any spells.
Your spell library contained the following spells:

 Spells                   Type           Power      Damage    Failure   Level
 Ensorcelled Hibernation  Hex/Ice        0%         N/A       100%        2
 Spider Form              Tmut/Pois      0%         N/A       100%        3
 Anguish                  Hex/Necr       0%         N/A       100%        4


Dungeon Overview and Level Annotations

Branches:
Dungeon (2/15)

Altars:


Innate Abilities, Weirdness & Mutations

A meltable shield of frost defends you. (SH +4)
Spells you cast may paralyse adjacent enemies.


Message History

There is a stone staircase leading down here.
You see here a +0 hunting sling.
Found an escape hatch in the floor.
Key pressed, stopping explore.
No target in view! 2 rats come into view.
The rat twitches its whiskers.
The rat bites you.
There are monsters nearby!
You hit the rat but do no damage. The rat bites you but does no damage.
There are monsters nearby!
You hit the rat but do no damage. The rat bites you but does no damage.
You closely miss the rat. The rat bites you but does no damage.
You hit the rat.
You kill the rat!
You have reached level 3!
Your experience leads to an increase in your attributes!
Increase (S)trength, (I)ntelligence, or (D)exterity?
You feel stronger. x2; Your demonic ancestry asserts itself...
A menacing aura infuses your magic.
You hit the rat.
You kill the rat!
Things that are here:
a rat corpse; a rat corpse No target in view!
No target in view!
(D) Dungeon
Where to? (Enter - D:2, ? - help)
Found 4 poisoned darts.
There is a stone staircase leading up here.
You climb upwards.
There is a stone staircase leading down here.
(D) Dungeon
Where to? (Enter - D:1, ? - help)
Okay, then.
You open the door.
There is an open door here.
There is a staircase leading out of the dungeon here.
Are you sure you want to leave the Dungeon?
This will make you lose the game!
You have escaped!

#...##.## ##...##..#
#....###.# ##.#..# #.#
## ###..#..###.# .#
#...##...##.#####
.####.##............#
....#[#........###..##
###............'@'...#
##.....>....#####.)#
#.#...............#
#.#...............# #
#.#...............# #
#.#...............# #
#.##.............## ##
#.###.....#.....(# .#
#.# ####.#######.#


There were no monsters in sight!

Vanquished Creatures
  A worm (D:2)
  3 ball pythons
  4 endoplasms
  A giant cockroach (D:2)
  A goblin (D:1)
  2 hobgoblins (D:1)
  7 bats
  A frilled lizard (D:1)
  A kobold (D:1)
  7 rats
28 creatures vanquished.

Notes
Turn   | Place    | Note
-------+----------+-------------------------------------------
     0 | D:1      | BritishOli the Demonspawn Monk began the quest for the Orb.
     0 | D:1      | Reached XP level 1. HP: 18/18 MP: 1/1
   492 | D:1      | Gained mutation: A meltable shield of frost defends you.
                  | (SH +4) [demonic ancestry]
   492 | D:1      | Reached XP level 2. HP: 23/24 MP: 2/2
  1188 | D:2      | Gained mutation: Spells you cast may paralyse adjacent
                  | enemies. [demonic ancestry]
  1188 | D:2      | Reached XP level 3. HP: 29/29 MP: 3/3
  1211 | D:$      | Got out of the dungeon alive.

Illustrated notes

Levels and vault maps discovered:
D:1:      dpeg_arrival_tiny_c, layout_rooms, minmay_tromino_v7
D:2:      layout_loops_ring, serial_shops, nicolae_shop_window_shopping,
          ebering_ecumenical_altar_rust, basic_altar,
          chequers_serial_rivers_micro_e

Skill      XL: |  1  2 |
---------------+-------+-----
Stealth        | 2 |  2.1
Long Blades    | 3 |  3.0
Dodging        | 3 |  3.0
Fighting       | |  3.3
Armour         | |  0.4

Action                   || total
-------------------------++-------
Melee: Falchion          ||    84
 Stab: Sleeping          ||     3
Armor: Robe              ||    10
       Plate armour      ||    51
Dodge: Dodged            ||    45
Block: Other             ||    19

Table legend: (Time is in decaauts)
 A = Elapsed time spent in this place.
 B = Non-inter-level travel time spent in this place.
 C = Inter-level travel time spent in this place.
 D = Time resting spent in this place.
 E = Time spent auto-exploring this place.
 F = Levels seen in this place.
 G = Mean time per level.
                   A        B        C        D        E       F      G
               +--------+--------+--------+--------+--------+-----+--------+
         Total |   1224 |   1174 |     50 |    237 |    721 |   2 |  612.0 |
       Dungeon |   1224 |   1174 |     50 |    237 |    721 |   2 |  612.0 |
               +--------+--------+--------+--------+--------+-----+--------+

Top non-repeatable levels by time:
     D:1: 840 daAuts
     D:2: 384 daAuts
